 Dungeon Crawl Stone Soup version 0.13-a0-2001-g039544c (webtiles) character file.

3471 Kae the Cleaver (level 9, -6/77 HPs)
             Began as a Lava Orc Berserker on June 25, 2013.
             Was an Elder of Trog.
             Mangled by a wight
             ... wielding a cursed +2,+3 great mace
              (17 damage)
             ... on Level 8 of the Dungeon.
             The game lasted 00:10:28 (8037 turns).

Kae the Cleaver (Lava Orc Berserker)                Turns: 8037, Time: 00:10:29

HP  -6/77        AC 12     Str 23      XL: 9   Next: 60%
MP   8/8         EV 13     Int  7      God: Trog [****..]
Gold 352         SH  0     Dex 10      Spells:  0 memorised,  8 levels left

Res.Fire  : + . .   See Invis. : .   a - +1,-1 orc hand axe {=f}
Res.Cold  : . . .   Warding    : .   g - +0 orc leather armour
Life Prot.: . . .   Conserve   : .   (no shield)
Res.Poison: .       Res.Corr.  : .   u - +2 helmet
Res.Elec. : .       Clarity    : +   w - +0 cloak
Sust.Abil.: . .     Spirit.Shd : .   (no gloves)
Res.Mut.  : .       Stasis     : .   (no boots)
Res.Rott. : .       Flight     : .   p - amulet of clarity
Saprovore : + . .                    (no ring)
                                     (no ring)

@: regenerating, exhausted, slowed, very slow, very resistant to hostile
enchantments, very unstealthy
A: conserve scrolls, saprovore 1
a: Burn Spellbooks, Berserk, Trog's Hand, Brothers in Arms, Renounce Religion


You were on level 8 of the Dungeon.
You worshipped Trog.
Trog was greatly pleased with you.
You were near starving.

You visited 1 branch of the dungeon, and saw 8 of its levels.

You collected 332 gold pieces.

Inventory:

Hand weapons
 a - a +1,-1 orcish hand axe (weapon) {=f}
Armour
 b - a +0 animal skin
 g - a +0 orcish leather armour (worn)
 i - a +0 cloak
 u - a +2 helmet (worn)
 w - a +0 cloak (worn)
Magical devices
 h - a wand of magic darts (4)
 D - a wand of cold (10) {unknown}
 G - a wand of disintegration (6) {unknown}
 H - a wand of random effects (12) {unknown}
Comestibles
 c - 3 meat rations
 m - an apple
 r - a sausage
 t - 2 bread rations
Scrolls
 e - a scroll of remove curse
 j - 3 scrolls of identify
 l - 2 scrolls of fog
 n - 2 scrolls of fear
 s - 3 scrolls of enchant weapon I
 x - a scroll of recharging
 y - a scroll of curse armour {unknown}
Jewellery
 p - an amulet of clarity (around neck)
 q - a cursed -3 ring of protection {unknown}
Potions
 d - 2 potions of heal wounds
 f - 3 potions of speed
 k - a potion of flight {unknown}
 o - a potion of agility {unknown}
 v - a potion of beneficial mutation {unknown}
 B - a potion of restore abilities {unknown}


   Skills:
 + Level 7.8 Fighting
 * Level 10.6 Axes
 + Level 6.5 Armour
 + Level 4.9 Dodging


You had 8 spell levels left.
You didn't know any spells.

Dungeon Overview and Level Annotations

Branches:
Dungeon (8/27)             Temple (0/1) D:6
    Orc: D:6-11        Lair: D:8-13

Altars:
Cheibriados
Makhleb


Innate Abilities, Weirdness & Mutations

You have stony skin.
You cover ground slowly.
Your flesh is heat resistant.
Your flesh is vulnerable to cold.
Your heat harms attackers.
You bathe your surroundings in blazing heat.
You are too hot to use scrolls.
You are very good at protecting items from fire.
You can tolerate rotten meat.


Message History

You are too injured to fight recklessly!
You are too injured to fight recklessly!
You are too injured to fight recklessly!
Unknown command.
You are too injured to fight recklessly!
You are too injured to fight recklessly!
You are too injured to fight recklessly!
Unknown command.
You are too injured to fight recklessly!
You are too injured to fight recklessly!
You are too injured to fight recklessly!
Unknown command.
You closely miss the wight.
The wight is almost destroyed.
You hit the wight.
The wight is heavily damaged.
You hit the wight.
You destroy the wight!
The wight hits you with a glowing great mace!
You die...

... ...........
.....................
..............^.......
.......................
........................
...?....................
........................
.......)zz.%.............
........@................
........................>
.........................
...(.....)..............
.........)).............
.......................
............$........
...................
.................


You could see 2 wights.

Vanquished Creatures
  Grinder (D:3)
  6 yaks (D:7)
  A hungry ghost (D:7)
  Menkaure (D:5)
  A necrophage (D:7)
  2 ice beasts (D:7)
  5 ogres
  Duvessa (D:6)
  5 giant frogs
  A gnoll sergeant (D:7)
  A centaur skeleton (D:6)
  2 wights (D:8)
  An ogre zombie (D:7)
  2 crimson imps
  Dowan (D:6)
  Crazy Yiuf (D:3)
  2 orc wizards
  2 scorpions (D:7)
  A jelly (D:7)
  4 worker ants
  7 gnolls
  12 adders
  An adder skeleton (D:5)
  An iguana skeleton (D:4)
  A giant mite (D:1)
  7 worms
  5 giant geckos
  A gnoll skeleton (D:5)
  2 oozes
  12 orcs
  2 ball pythons (D:3)
  4 giant cockroaches
  17 hobgoblins
  4 quokkas
  15 bats
  7 giant newts
  A giant newt skeleton (D:4)
  14 goblins
  A hobgoblin skeleton (D:7)
  8 kobolds
  15 rats
178 creatures vanquished.

Vanquished Creatures (others)
  An orc (D:3)
  A giant newt (D:3)
  A rat (D:1)
3 creatures vanquished.

Grand Total: 181 creatures vanquished

Notes
Turn   | Place    | Note
--------------------------------------------------------------
     0 | D:1      | Kae, the Lava Orc Berserker, began the quest for the Orb.
     0 | D:1      | Reached XP level 1. HP: 19/19 MP: 0/0
    95 | D:1      | Reached skill level 4 in Axes
   321 | D:1      | Reached XP level 2. HP: 9/26 MP: 1/1
   794 | D:1      | Reached XP level 3. HP: 24/33 MP: 2/2
   993 | D:1      | Acquired Trog's second power
  1658 | D:2      | Reached skill level 5 in Axes
  1771 | D:2      | Reached XP level 4. HP: 30/39 MP: 3/3
  2580 | D:3      | Reached XP level 5. HP: 46/46 MP: 4/4
  2914 | D:3      | Noticed Crazy Yiuf
  2914 | D:3      | Noticed Grinder
  2924 | D:3      | Killed Crazy Yiuf
  2925 | D:3      | Killed Grinder
  2925 | D:3      | Reached skill level 5 in Fighting
  2925 | D:3      | Reached skill level 6 in Axes
  2925 | D:3      | Reached XP level 6. HP: 53/53 MP: 5/5
  3200 | D:4      | Found a burning altar of Makhleb.
  3590 | D:4      | Reached XP level 7. HP: 24/60 MP: 6/6
  3837 | D:4      | Reached skill level 7 in Axes
  4010 | D:5      | Entered Level 5 of the Dungeon
  4012 | D:5      | Noticed Menkaure
  4024 | D:5      | Killed Menkaure
  4761 | D:6      | Noticed Dowan
  4762 | D:6      | Noticed Duvessa
  4771 | D:6      | Killed Duvessa
  4774 | D:6      | Killed Dowan
  4852 | D:6      | Acquired Trog's third power
  4852 | D:6      | Reached XP level 8. HP: 44/68 MP: 7/7
  5002 | D:6      | Reached skill level 8 in Axes
  5183 | D:6      | Found a staircase to the Ecumenical Temple.
  5402 | D:7      | Reached skill level 5 in Armour
  7035 | D:7      | Reached skill level 9 in Axes
  7065 | D:7      | Reached XP level 9. HP: 68/75 MP: 8/8
  7213 | D:7      | Reached skill level 10 in Axes
  7756 | D:7      | Found a snail-covered altar of Cheibriados.
  8037 | D:8      | Mangled by a wight

Action                   |  1- 3 |  4- 6 |  7- 9 || total
-------------------------+-------+-------+-------++-------
Melee: Hand axe          |   140 |   210 |   483 ||   833
Invok: Trog's Hand       |     1 |     3 |    11 ||    15
       Berserk           |       |     2 |     7 ||     9
       Burn Spellbooks   |       |       |     2 ||     2
Evoke: Wand              |       |       |     5 ||     5
  Use: Scroll            |       |    11 |     9 ||    20
       Potion            |       |     1 |     1 ||     2
 Stab: Sleeping          |     1 |       |       ||     1
